 Dungeon Crawl Stone Soup version bcrawl-1.13.2 (webtiles) character file.

Game seed: 4238596963139308418

7800 BinkBink the Spear-Bearer (level 11, -5/84 HPs)
             Began as a Demonspawn Gladiator on Aug 12, 2019.
             Was a Follower of Dithmenos.
             Slain by a red ugly thing (19 damage)
             ... on level 10 of the Dungeon.
             The game lasted 00:29:35 (12750 turns).

BinkBink the Spear-Bearer (Demonspawn Gladiator)   Turns: 12750, Time: 00:29:36

Health: -5/84      AC: 12    Str: 15    XL:     11   Next: 1%
Magic:  11/11      EV: 14    Int:  9    God:    Dithmenos [*.....]
Gold:   892        SH:  9    Dex: 18    Spells: 10/10 levels left

rFire    . . .     SeeInvis .   a - +1 trident
rCold    . . .     Gourm    .   p - +0 shield
rNeg     + . .     Faith    .   b - +0 leather armour
rPois    +         Spirit   .   (helmet restricted)
rElec    .         Reflect  .   (no cloak)
rCorr    .         Harm     .   (no gloves)
MR       .....                  (no boots)
Stlth    ++++......             (no amulet)
HPRegen  0.24/turn              q - ring of poison resistance
MPRegen  0.12/turn              G - ring of positive energy

@: sanguine armour, wreathed by umbra
A: horns 2, demonic guardian 1, sanguine armour 2
a: Renounce Religion


You were on level 10 of the Dungeon.
You worshipped Dithmenos.
Dithmenos was aware of your devotion.
You were not hungry.

You visited 2 branches of the dungeon, and saw 11 of its levels.
You also visited: Sewer.

You collected 892 gold pieces.

Inventory:

Hand Weapons
 a - a +1 trident (weapon)
Missiles
 d - 3 throwing nets (quivered) {!f}
Armour
 b - a +0 leather armour (worn)
 p - a +0 shield (worn)
Jewellery
 c - an uncursed ring of ice
 q - a ring of poison resistance (left hand)
 G - a ring of positive energy (right hand)
Wands
 t - a wand of random effects (7)
 v - a wand of flame (14)
Scrolls
 k - 7 scrolls of teleportation
 m - a scroll of immolation
 o - 2 scrolls of amnesia
 u - 8 scrolls of remove curse
 y - 2 scrolls of magic mapping
Potions
 g - a potion of lignification {unknown}
 l - 2 potions of mutation {unknown}
 n - 2 potions of might
 r - 2 potions of magic
 s - a potion of haste
 w - 2 potions of curing
 z - a potion of ambrosia
 A - 3 potions of brilliance
 B - a potion of agility {unknown}
 C - 3 potions of degeneration
 F - a potion of flight {unknown}
Miscellaneous
 e - a phantom mirror
 i - a lamp of fire
Comestibles
 f - 14 rations {!d}


   Skills:
 + Level 7.0 Fighting
 + Level 10.2 Polearms
 + Level 2.1 Throwing
 + Level 4.6 Armour
 + Level 6.1 Dodging
 + Level 6.1 Stealth
 + Level 4.3 Shields


You had 10 spell levels left.
You didn't know any spells.
Your spell library was empty.

Dungeon Overview and Level Annotations

Branches:
Dungeon (10/12)            Temple (1/1) D:7            Lair (0/6) D:9
    Orc: D:8-11

Altars:
Ashenzari
Cheibriados
Dithmenos
Elyvilon
Fedhas
Gozag
Hepliaklqana
Kikubaaqudgha
Lugonu
Makhleb
Nemelex Xobeh
Okawaru
Qazlal
Ru
Sif Muna
Trog
Uskayaw
Vehumet
Wu Jian
Xom
Yredelemnul
Zin
The Shining One

Shops:
D:8 :

Annotations:
D:10 3 runed translucent doors


Innate Abilities, Weirdness & Mutations

You have a pair of horns on your head.
A weak demonic guardian rushes to your aid.
When seriously injured, your bleeding wounds create thick armour. (AC +9)


Message History

You block the centaur warrior skeleton's attack.
Something kicks your iron imp.
Your iron imp is engulfed in flames.
Your iron imp completely resists.
You puncture the centaur warrior skeleton!
The centaur warrior skeleton is moderately damaged.
The centaur warrior skeleton hits you but does no damage.
The jackal bites your iron imp.
You puncture the centaur warrior skeleton!
The centaur warrior skeleton is heavily damaged.
The centaur warrior skeleton hits you.
* * * LOW HITPOINT WARNING * * *
The centaur warrior skeleton barely misses you.
You puncture the centaur warrior skeleton!
You headbutt the centaur warrior skeleton!
The centaur warrior skeleton is severely damaged.
You block the centaur warrior skeleton's attack.
The red ugly thing kicks you.
* * * LOW HITPOINT WARNING * * *
You are engulfed in flames!!
You die...

#.. .# #.5 . #..
##. #.. #..
#########!.
#.######.......#.<
#.##.......# #.#..
#Z##..##...###.###
#@##..##..........
#5uh.5......##.###
####..##...###.#
#..##.......#
#.......#####
#########


You could see a red ugly thing, a shadow imp, a jackal, a centaur warrior
skeleton and a friendly iron imp.

Vanquished Creatures
  A two-headed ogre (D:9)
  3 death yaks
  2 centaur zombies
  A kobold demonologist (D:10)
  A hippogriff (D:10)
  A wraith (D:9)
  A spriggan (shapeshifter) (D:9)
  A hog (D:7)
  A human (D:7)
  5 yaks
  A hungry ghost (D:8)
  An orc warrior (D:9)
  An ice beast (D:7)
  A black bear (D:7)
  3 sky beasts
  5 ogres
  2 centaurs
  A big kobold (Sewer)
  A bullfrog (D:6)
  A scorpion (D:6)
  4 killer bees (D:9)
  3 crimson imps
  An orc wizard (D:8)
  3 centaur skeletons
  2 bullfrog zombies
  2 hounds
  Terence (D:3)
  2 iguanas
  6 worker ants
  A killer bee zombie (D:7)
  A hound skeleton (D:4)
  A howler monkey zombie (D:6)
  Robin (D:4)
  A worker ant zombie (D:9)
  4 gnolls (D:5)
  A howler monkey skeleton (D:4)
  11 adders
  A shadow imp (D:6)
  5 oozes
  2 adder skeletons
  2 adder zombies
  6 worms
  3 dart slugs
  3 leopard geckos
  21 orcs
  7 ball pythons
  3 giant cockroaches
  8 goblins
  14 hobgoblins
  10 jackals
  15 kobolds
  5 quokkas
  8 bats
  A frilled lizard (D:4)
  A quokka skeleton (D:5)
  9 rats
203 creatures vanquished.

Vanquished Creatures (collateral kills)
  2 hornets (D:9)
  2 hogs (D:7)
  An ice beast (D:8)
  A sky beast (D:5)
  A centaur (D:6)
  A bullfrog (D:6)
  2 crimson imps
  2 orc wizards (D:8)
  Jessica (D:3)
  Natasha (D:3)
  3 orcs
17 creatures vanquished.

Grand Total: 220 creatures vanquished

Notes
Turn   | Place    | Note
-------+----------+-------------------------------------------
     0 | D:1      | BinkBink the Demonspawn Gladiator began the quest for the
                  | Orb.
     0 | D:1      | Reached XP level 1. HP: 16/16 MP: 1/1
   325 | D:1      | Gained mutation: A weak demonic guardian rushes to your
                  | aid. [demonic ancestry]
   325 | D:1      | Reached XP level 2. HP: 21/22 MP: 2/2
   462 | D:1      | Reached skill level 3 in Polearms
   574 | D:1      | Reached XP level 3. HP: 22/27 MP: 3/3
  1598 | D:2      | Gained mutation: When seriously injured, your bleeding
                  | wounds create armour. (AC +9) [demonic ancestry]
  1598 | D:2      | Reached XP level 4. HP: 26/34 MP: 4/4
  1667 | D:2      | Reached skill level 1 in Armour
  2460 | D:3      | Noticed Jessica
  2518 | D:3      | Killed Jessica
  2641 | D:3      | Noticed Natasha
  2644 | D:3      | Killed Natasha
  2644 | D:3      | Reached XP level 5. HP: 39/39 MP: 5/5
  2875 | D:3      | Noticed Terence
  2897 | D:3      | Killed Terence
  2897 | D:3      | Reached skill level 4 in Polearms
  3496 | D:4      | Noticed a sky beast
  3538 | D:4      | Killed a sky beast
  3538 | D:4      | Reached skill level 1 in Stealth
  3538 | D:4      | Gained mutation: You have a pair of small horns on your
                  | head. [demonic ancestry]
  3538 | D:4      | Reached XP level 6. HP: 6/47 MP: 6/6
  3842 | D:4      | Noticed Robin
  3896 | D:4      | Killed Robin
  4281 | D:4      | Reached skill level 5 in Polearms
  4281 | D:4      | Reached XP level 7. HP: 33/52 MP: 7/7
  4581 | D:5      | Entered Level 5 of the Dungeon
  5555 | D:6      | Found a sparkling altar of Nemelex Xobeh.
  5593 | D:6      | Reached skill level 6 in Polearms
  5636 | D:6      | Gained mutation: When seriously injured, your bleeding
                  | wounds create thick armour. (AC +9) [demonic ancestry]
  5636 | D:6      | Reached XP level 8. HP: 34/60 MP: 8/8
  5889 | D:6      | Found a glowing drain.
  5917 | Sewer    | Entered a sewer
  6165 | Sewer    | Reached skill level 1 in Shields
  7103 | D:7      | Reached skill level 7 in Polearms
  7656 | D:7      | Found a staircase to the Ecumenical Temple.
  7844 | D:7      | Found a hide-covered altar of Uskayaw.
  8160 | D:7      | Reached skill level 5 in Dodging
  8170 | D:7      | Reached skill level 5 in Fighting
  8170 | D:7      | Reached XP level 9. HP: 43/68 MP: 9/9
  8538 | Temple   | Entered the Ecumenical Temple
  8641 | Temple   | Became a worshipper of Dithmenos the Shadowed
  8754 | D:8      | Reached skill level 8 in Polearms
  8901 | D:8      | Found Kaloem's Book Boutique.
  9186 | D:8      | Found a sacrificial altar of Ru.
  9545 | D:9      | Found an opulent altar of Gozag.
  9566 | D:9      | Reached * piety under Dithmenos
  9801 | D:9      | Noticed a death yak
  9816 | D:9      | Noticed a death yak
  9821 | D:9      | Noticed a death yak
 10385 | D:9      | Found a glowing golden altar of the Shining One.
 10451 | D:9      | Found a snail-covered altar of Cheibriados.
 10451 | D:9      | Found a white marble altar of Elyvilon.
 10451 | D:9      | Found an iron altar of Okawaru.
 10451 | D:9      | Found a deep blue altar of Sif Muna.
 10452 | D:9      | Found a bloodstained altar of Trog.
 10454 | D:9      | Found a burning altar of Makhleb.
 10455 | D:9      | Found a blossoming altar of Fedhas.
 10456 | D:9      | Found a shimmering altar of Xom.
 10647 | D:9      | Found a staircase to the Lair.
 10691 | D:9      | Reached XP level 10. HP: 51/76 MP: 10/10
 11162 | D:8      | Killed a death yak
 11162 | D:8      | Reached skill level 9 in Polearms
 11675 | D:9      | Noticed a two-headed ogre
 11699 | D:9      | Killed a two-headed ogre
 11699 | D:9      | Reached skill level 5 in Stealth
 11979 | D:9      | Killed a death yak
 11992 | D:9      | Killed a death yak
 11992 | D:9      | Reached skill level 10 in Polearms
 12053 | D:10     | Entered Level 10 of the Dungeon
 12082 | D:10     | Noticed a sun demon
 12083 | D:10     | Noticed a manticore
 12084 | D:10     | HP: 3/79 [sun demon[a kobold demonologist] (13)]
 12086 | D:10     | Noticed a manticore
 12088 | D:10     | Found a runed translucent gate.
 12088 | D:10     | Found a runed translucent gate.
 12088 | D:10     | Found a runed translucent gate.
 12127 | D:10     | Noticed a cyclops
 12706 | D:10     | Noticed a red ugly thing
 12729 | D:10     | Gained mutation: You have a pair of horns on your head.
                  | [demonic ancestry]
 12729 | D:10     | Reached XP level 11. HP: 39/84 MP: 11/11
 12750 | D:10     | Slain by a red ugly thing

Skill      XL: |  1  2  3  4  5  6  7  8  9 10 |
---------------+-------------------------------+-----
Dodging        | 3 4 5 6 |  6.1
Throwing       | 2 |  2.1
Polearms       | 3 4 5 6 7 8 10 | 10.2
Armour         | 1 2 3 4 |  4.6
Fighting       | 3 5 6 7 |  7.0
Stealth        | 1 2 3 4 6 |  6.1
Shields        | 2 3 4 |  4.3

Action                   |  1- 3 |  4- 6 |  7- 9 | 10-12 || total
-------------------------+-------+-------+-------+-------++-------
Melee: Trident           |   187 |   227 |   551 |   195 ||  1160
       Headbutt          |       |    13 |   105 |    50 ||   168
Throw: Throwing net      |       |       |       |     1 ||     1
  Use: Potion            |       |     2 |     1 |     5 ||     8
       Scroll            |       |     1 |    19 |     2 ||    22
 Stab: Sleeping          |     2 |     2 |    10 |     2 ||    16
       Distracted        |       |     1 |     5 |     4 ||    10
       Invisible         |       |       |     1 |       ||     1
       Paralysed         |       |       |     1 |       ||     1
       Held in net/web   |       |       |       |     1 ||     1
  Eat: Chunk             |     2 |     9 |    14 |     3 ||    28
       Ration            |       |       |     3 |     1 ||     4
Armor: Leather armour    |    62 |    57 |    63 |    16 ||   198
Dodge: Dodged            |   173 |   120 |   225 |    64 ||   582
Block: Shield            |       |     2 |   171 |    49 ||   222
